 Dungeon Crawl Stone Soup version 0.29.1-4-g47bece8355 (webtiles) character file.

Game seed: 2462923050793334065

961 styxcanada the Covert (level 7, -3/35 HPs)
             Began as a Spriggan Brigand on Dec 3, 2022.
             Was an Initiate of Gozag.
             Slain by an orc warrior
             ... wielding a +0 falchion
              (10 damage)
             ... on level 5 of the Dungeon.
             The game lasted 00:23:57 (5818 turns).

styxcanada the Covert (Spriggan Brigand)            Turns: 5818, Time: 00:23:57

Health: -3/35      AC:  7    Str:  7    XL:     7   Next: 92%
Magic:  0/12       EV: 19    Int: 13    God:    Gozag
Gold:   347        SH:  0    Dex: 16    Spells: 9/12 levels left

rFire   . . .      SeeInvis +   i - +3 short sword
rCold   . . .      Faith    .   (no shield)
rNeg    . . .      Spirit   +   t - +2 robe {Will+}
rPois   .          Reflect  .   (helmet restricted)
rElec   .          Harm     .   c - +0 cloak
rCorr   .          Rampage  .   (gloves unavailable)
Will    ++...                   (boots unavailable)
Stlth   ++++......              m - amulet of guardian spirit
HPRegen 0.11/turn               (no ring)
MPRegen 0.13/turn               (no ring)

@: very quick
A: very small, no large weapons, unfitting armour, see invisible, speed 3,
antennae 1, hooves 1, iridescent scales 1, clumsy 1
a: Renounce Religion, Potion Petition, Call Merchant, Bribe Branch


You were on level 5 of the Dungeon.
You worshipped Gozag.
Gozag was aware of your devotion.
You visited 2 branches of the dungeon, and saw 6 of its levels.

You collected 393 gold pieces.
You paid 46 gold pieces to Gozag.

Inventory:

Hand Weapons
 a - a +2 dagger
 i - a +3 short sword (weapon)
 n - a +0 sling
 p - a +1 vampiric short sword
Missiles
 f - 28 stones (quivered)
 s - a poisoned dart
Armour
 c - a +0 cloak (worn)
 t - a +2 robe of willpower (worn)
Jewellery
 m - an amulet of guardian spirit (around neck)
Scrolls
 e - a scroll of vulnerability {unknown}
 h - 4 scrolls of teleportation
 l - 4 scrolls of identify
Potions
 b - a potion of magic
 d - a potion of flight
 g - a potion of attraction {unknown}
 j - 2 potions of mutation


   Skills:
 * Level 2.8 Fighting
 + Level 3.7 Short Blades
 + Level 2.7 Ranged Weapons
 + Level 3.2 Throwing
 * Level 4.4 Dodging
 * Level 9.3 Stealth
 * Level 3.2 Spellcasting
 * Level 3.1 Hexes


You had 9 spell levels left.
You knew the following spells:

 Your Spells              Type           Power      Damage    Failure   Level
a - Confusing Touch       Hex            10%        N/A       19%         3

Your spell library contained the following spells:

 Spells                   Type           Power      Damage    Failure   Level
 Slow                     Hex            40%        N/A       6%          1
 Sublimation of Blood     Necr           2%         N/A       34%         2
 Wereblood                Tmut           2%         N/A       34%         2
 Ozocubu's Armour         Ice            2%         N/A       56%         3
 Vampiric Draining        Necr           2%         2d6       56%         3
 Ozocubu's Refrigeration  Ice            1%         4d7       100%        7
 Summon Hydra             Summ           1%         N/A       100%        7


Dungeon Overview and Level Annotations

Branches:
Dungeon (5/15)             Temple (1/1) D:4

Altars:
Ashenzari
Cheibriados
Elyvilon
Gozag
Nemelex Xobeh
Ru
Yredelemnul
The Shining One


Innate Abilities, Weirdness & Mutations

You are very small and have problems with some larger weapons.
You are too small for most types of armour.
You have supernaturally acute eyesight. (SInv)
You cover ground extremely quickly. (Speed+++)
You have a pair of small antennae on your head.
You have large cloven feet.
You are partially covered in iridescent scales. (AC +2)
You are clumsy. (Dex -2)


Message History

You kick the orc warrior, but do no damage.
The orc warrior is heavily wounded.
The orc warrior hits you with a +0 falchion!
You hit the orc warrior.
You kick the orc warrior, but do no damage.
The orc warrior is heavily wounded.
You hit the orc warrior but do no damage.
You kick the orc warrior, but do no damage.
The orc warrior is heavily wounded.
The orc warrior hits you with a +0 falchion!
You hit the orc warrior. Your kick misses the orc warrior.
The orc warrior is severely wounded.
The orc warrior misses you.
You hit the orc warrior but do no damage.
The orc warrior blocks your attack.
The orc warrior is severely wounded.
The orc warrior hits you with a +0 falchion.
You barely miss the orc warrior.
You kick the orc warrior, but do no damage.
The orc warrior is severely wounded.
The orc warrior hits you with a +0 falchion!
* * * LOW HITPOINT WARNING * * *
You hit the orc warrior.
You kick the orc warrior, but do no damage.
The orc warrior is severely wounded.
The orc warrior misses you.
You hit the orc warrior. Your kick misses the orc warrior.
The orc warrior is almost dead.
The orc warrior closely misses you. The orc warrior blocks your attack.
Your kick misses the orc warrior.
The orc warrior is almost dead.
The orc warrior closely misses you. The orc warrior blocks your attack.
The orc warrior is almost dead.
The orc warrior closely misses you.
You barely miss the orc warrior. Your kick misses the orc warrior.
The orc warrior is almost dead.
The orc warrior hits you with a +0 falchion!
You die...
Your body crumbles into a pile of gold.

#...## #....#..........####
##..## ###.....#........ # #...#
#.#.....###.... # #...#
#####.#..#.####.##. . ##...##
#..>.............# #
#....8######.........>.###..#.###
#.....#...##............##.....##
#......._.##.....................
#.....#...##.##.@o##.##.###.#....
##...8######..#.#....##.###.##..#
#.w.## ##.######............#
#..## ##.### #.##.##....... #..#
#.^o.## #)##.##....... #..###
##...o###....#...###.. #....#
####..o####.....#)#.. ##..###
#....$..(....###.. #....#
###.###(.#...[...


You could see an orc warrior.

Vanquished Creatures
  Sigmund (D:3)
  Duvessa (D:4)
  An ice beast (D:5)
  Blork the orc (D:5)
  A gnoll sergeant (D:5)
  A wight (D:4)
  Dowan (D:4)
  A hound (D:5)
  2 jellies (D:5)
  An orc priest (D:4)
  A gnoll bouda (D:5)
  2 iguanas (D:5)
  Natasha (twice) (D:3)
  3 gnolls (D:5)
  3 adders
  A white imp (D:3)
  3 worms
  A dart slug (D:1)
  7 orcs
  5 bats
  9 endoplasms
  2 giant cockroaches
  2 goblins
  8 hobgoblins
  10 jackals
  3 quokkas
  4 ball pythons
  5 frilled lizards
  3 kobolds
  10 rats
95 creatures vanquished.

Notes
Turn   | Place    | Note
-------+----------+-------------------------------------------
     0 | D:1      | styxcanada the Spriggan Brigand began the quest for the
                  | Orb.
     0 | D:1      | Reached XP level 1. HP: 10/10 MP: 2/2
    16 | D:1      | Reached skill level 6 in Stealth
   328 | D:1      | Reached XP level 2. HP: 14/14 MP: 3/3
  1374 | D:2      | Reached XP level 3. HP: 18/18 MP: 4/4
  1390 | D:2      | Reached skill level 7 in Stealth
  1556 | D:2      | Found a faded altar of an unknown god.
  2125 | D:3      | Reached XP level 4. HP: 23/23 MP: 5/5
  2147 | D:3      | Found a white marble altar of Elyvilon.
  2186 | D:3      | Noticed Natasha
  2197 | D:3      | Killed Natasha
  2213 | D:3      | Learned a level 3 spell: Confusing Touch
  2324 | D:3      | Noticed Sigmund
  2356 | D:3      | Gained mutation: You have a pair of small antennae on your
                  | head. [potion of mutation]
  2356 | D:3      | Gained mutation: You are partially covered in iridescent
                  | scales. (AC +2) [potion of mutation]
  2356 | D:3      | Gained mutation: You are clumsy. (Dex -2) [potion of
                  | mutation]
  2356 | D:3      | Gained mutation: You have large cloven feet. [potion of
                  | mutation]
  2367 | D:3      | Killed Sigmund
  2368 | D:3      | Reached skill level 8 in Stealth
  2368 | D:3      | Reached skill level 1 in Spellcasting
  2368 | D:3      | Reached skill level 1 in Hexes
  2368 | D:3      | Reached XP level 5. HP: 6/26 MP: 5/8
  2471 | D:3      | Noticed Natasha
  2474 | D:3      | Killed Natasha
  2475 | D:3      | Reached XP level 6. HP: 17/30 MP: 9/9
  2725 | D:4      | Found a staircase to the Ecumenical Temple.
  3053 | Temple   | Entered the Ecumenical Temple
  3062 | Temple   | Became a worshipper of Gozag Ym Sagoz the Greedy
  3630 | D:4      | Identified the +3 whip of Causality {pain, rElec rF+++
                  | rCorr Stlth-}
  3673 | D:4      | Noticed Dowan
  3674 | D:4      | Noticed Duvessa
  3709 | D:4      | Killed Duvessa
  3715 | D:4      | Killed Dowan
  4141 | D:5      | Entered Level 5 of the Dungeon
  4145 | D:5      | Reached XP level 7. HP: 35/35 MP: 11/11
  4171 | D:5      | Noticed Blork the orc
  4197 | D:5      | Reached skill level 9 in Stealth
  4945 | D:5      | Reached skill level 1 in Ranged Weapons
  5055 | D:5      | Found a glowing golden altar of the Shining One.
  5387 | D:5      | Killed Blork the orc
  5818 | D:5      | Slain by an orc warrior

Illustrated notes

Levels and vault maps discovered:
D:1:      dpeg_arrival_prison, layout_loops_corners, nicolae_eternal_life,
          minivault_5, minivault_23
D:2:      layout_loops_ring, chequers_ecumenical_altar_island
D:3:      layout_basic, elyvilon_altar_1, uniq_sigmund, uniq_natasha
D:4:      layout_loops_cross, minmay_temple_entry_proselytizer, uniq_duvessa
D:5:      layout_rooms, nicolae_tso_carved_into_rock, kennysheep_orc_sif_temple,
          lightli_temple_of_fire, sword_in_stone
Temple:   hellmonk_temple_of_storms

Skill      XL: |  1  2  3  4  5  6  7 |
---------------+----------------------+-----
Stealth        | 6 7 8 9 |  9.3
Dodging        | 2 3 4 |  4.4
Fighting       | 2 |  2.8
Short Blades   | 3 |  3.7
Spellcasting   | 1 2 3 |  3.2
Hexes          | 1 2 3 |  3.1
Throwing       | 3 |  3.2
Ranged Weapons | 2 |  2.7

Action                   |  1- 3 |  4- 6 |  7- 9 || total
-------------------------+-------+-------+-------++-------
Melee: Dagger            |    91 |       |       ||    91
       Punch             |     1 |     4 |       ||     5
       Short sword       |    14 |   104 |   134 ||   252
       Kick              |       |    28 |    47 ||    75
 Fire: Sling             |       |       |    78 ||    78
Throw: Dart              |    22 |    34 |    16 ||    72
       Stone             |       |     2 |       ||     2
  Use: Potion            |       |     1 |     2 ||     3
       Scroll            |       |    12 |       ||    12
 Stab: Sleeping          |    19 |     6 |     1 ||    26
       Distracted        |     1 |     2 |       ||     3
Armor: Robe              |     9 |     7 |    19 ||    35
Dodge: Dodged            |    56 |    61 |   107 ||   224
